AoeStats
← 白鹿城拉车车

Arena

510083312Analyzed
4v4 RM · 1d ago on Sep 29, 2026· 33m 18s· 8 players
Game mode
Random Map
Map size
Large (8 player)
Population
200
Speed
Normal
Resources
Standard
Victory
Conquest
Starting age
Dark Age
Ending age
Imperial Age
RankedLock teamsTeams togetherTeam positionsShared explorationLock speedFull tech treeHidden civsTurbo modeCheats
Victory
Defeat
🇦🇺 Japanese · Australia
1342
+17
🇨🇳 Mapuche · China
1331
+18
🇨🇳 Goths · China
1305
+19
🇨🇳 Khmer · China
1301
+19
🇮🇹 Magyars · Italy
1415
-21
🇳🇱 Hindustanis · Netherlands
1415
-20
🇨🇳 Franks · China
1325
-16
🇹🇭 Portuguese · Thailand
1316
-16
Wlock
8:29 Feudal Age
9:13 Double-Bit Axe
9:09 Horse Collar
9:25 Loom
15:19 Wheelbarrow
16:29 Town Watch
20:23 Castle Age
19:07 Fletching
19:11 Stone Mining
21:15 Bow Saw
21:07 Heavy Plow
23:37 Town Patrol
28:14 Hand Cart
29:03 Gold Mining
32:34 Ballistics
33:05 Guard Tower
随机便投
7:32 Loom
11:50 Feudal Age
14:58 Castle Age
12:51 Double-Bit Axe
12:48 Horse Collar
13:34 Gold Mining
15:42 Wheelbarrow
16:14 Bow Saw
25:00 Stone Mining
34:14 Imperial Age
32:02 Hand Cart
32:33 Scale Barding Armor
32:38 Forging
32:43 Bloodlines
33:48 Chain Barding Armor
33:40 Fortified Wall
32:58 Light Cavalry
33:39 Husbandry
34:27 Gold Shaft Mining
SkullBump
10:57 Feudal Age
12:17 Double-Bit Axe
14:43 Castle Age
12:53 Horse Collar
22:53 Loom
24:33 Bow Saw
24:26 Heavy Plow
25:35 Wheelbarrow
25:13 Stone Mining
25:14 Gold Mining
27:24 Stone Shaft Mining
28:04 Hand Cart
30:56 Imperial Age
28:32 Scale Mail Armor
28:43 Forging
28:59 Anarchy
29:30 Chain Mail Armor
29:20 Treadmill Crane
30:01 Ballistics
29:51 Masonry
29:37 Murder Holes
30:40 Squires
31:17 Iron Casting
30:52 Pikeman
30:52 Man-at-Arms
31:58 Conscription
31:38 Perfusion
30:59 Elite Huskarl
32:50 Two-Man Saw
32:24 Crop Rotation
33:49 Blast Furnace
白鹿城拉车车
9:52 Feudal Age
11:00 Double-Bit Axe
10:56 Horse Collar
13:36 Castle Age
14:35 Bow Saw
20:54 Wheelbarrow
21:57 Gold Mining
22:43 Loom
23:09 Heavy Plow
23:49 Gold Shaft Mining
23:59 Fletching
24:24 Stone Mining
24:38 Bodkin Arrow
29:10 Imperial Age
26:58 Padded Archer Armor
26:59 Treadmill Crane
28:32 Ballistics
28:54 Leather Archer Armor
29:16 Malon
31:17 Chemistry
30:40 Elite Bolas Rider
33:32 Hand Cart
33:02 Town Watch
34:02 Conscription
33:48 Butalmapu
34:19 Ring Archer Armor
piantaz
10:29 Feudal Age
14:41 Castle Age
14:55 Castle Age
12:45 Double-Bit Axe
12:42 Horse Collar
16:15 Bow Saw
19:12 Loom
24:47 Fletching
26:51 Bloodlines
27:48 Bodkin Arrow
28:14 Padded Archer Armor
28:55 Ballistics
30:10 Thumb Ring
sdk
0:57 Loom
9:20 Feudal Age
9:43 Horse Collar
9:50 Double-Bit Axe
19:14 Castle Age
20:21 Wheelbarrow
19:31 Town Watch
23:30 Town Watch
28:03 Imperial Age
28:13 Scale Mail Armor
29:32 Heavy Plow
WiSeMaN
9:19 Feudal Age
14:04 Castle Age
12:56 Stone Mining
13:31 Double-Bit Axe
14:12 Horse Collar
19:12 Loom
21:05 Bow Saw
22:35 Town Watch
25:04 Wheelbarrow
25:15 Heavy Plow
26:32 Scale Mail Armor
26:51 Gold Mining
29:11 Stone Shaft Mining
32:50 Imperial Age
32:29 Hand Cart
32:57 Thumb Ring
33:11 Scale Barding Armor
33:17 Forging
34:39 Chemistry
73624617386501790
10:57 Feudal Age
11:37 Double-Bit Axe
14:45 Castle Age
15:35 Bow Saw
17:03 Loom
Connection lost

Rejoining the realm…

Still unreachable

The connection could not be restored.

Session expired

The server has moved on; the page needs a fresh start.